 Dungeon Crawl Stone Soup version 0.18-a0-1347-gb9e2fb4 (webtiles) character file.

70994 Ratboiler the Devastator (level 14, -6/51 HPs)
             Began as a Deep Elf Wanderer on Feb 16, 2016.
             Was a High Priest of Vehumet.
             Killed from afar by a balrug (28 damage)
             ... with a fireball
             ... on level 3 of the Abyss on Feb 17, 2016.
             The game lasted 02:29:04 (29056 turns).

Ratboiler the Devastator (Deep Elf Wanderer)       Turns: 29056, Time: 02:29:04

Health: -6/51      AC: 17    Str: 10      XL:     14   Next: 96%
Magic:  0/40       EV: 14    Int: 16 (17) God:    Vehumet [*****.]
Gold:   1676       SH:  5    Dex: 13 (15) Spells: 10 memorised, 2 levels left

rFire  . . .     SeeInvis +     a - +2 dagger (speed)
rCold  + + .     Gourm    .     A - +4 moon troll leather armour {Spirit, Regen++ MP+5}
rNeg   . . .     Faith    .     h - +0 buckler
rPois  +         Spirit   +     B - +2 hat
rElec  .         Dismiss  .     J - +2 cloak {rC+}
rCorr  .         Reflect  .     v - +2 pair of gloves {rC+}
SustAt .         Harm     .     U - +0 pair of boots
MR     +....                    O - amulet of regeneration
Stlth  ++........               P - ring of poison resistance
                                u - ring of see invisible

@: liquid flames, glowing, somewhat resistant to hostile enchantments,
unstealthy
A: dopey 2, frail 3
a: Renounce Religion


You were on level 3 of the Abyss.
You worshipped Vehumet.
Vehumet was extremely pleased with you.
You were not hungry.

You visited 4 branches of the dungeon, and saw 21 of its levels.
You visited the Abyss 1 time.
You also visited: Ice Cave.

You collected 1892 gold pieces.
You spent 216 gold pieces at shops.

Inventory:

Hand Weapons
 a - a +2 dagger of speed (weapon)
 b - a +1 blowgun
 r - the +7 spear of Kycan {distort, Int+5}
   (You bought it in a shop on level 10 of the Dungeon)

   It warps and distorts space around it.
   Unwielding it can cause banishment or high damage.
   It affects your intelligence (+5).
 x - a +1 falchion of flaming
Missiles
 j - 557 stones (quivered)
 D - 22 poisoned needles
 Q - 15 curare-tipped needles
Armour
 c - the +3 pair of gloves of Culos {rF- rC+ Regen+ Slay+3, unknown}
   (You found it on level 3 of the Abyss)

   It affects your accuracy and damage with ranged weapons and melee attacks
   (+3).
   It makes you vulnerable to fire.
   It protects you from cold.
   It increases your rate of regeneration.
 h - a +0 buckler (worn)
 v - a +2 pair of gloves of cold resistance (worn)
 A - the +4 moon troll leather armour (worn) {Spirit, Regen++ MP+5}
   (You found it on level 4 of the Dungeon)

   It affects your magic capacity (+5).
   It increases your rate of regeneration.
 B - a +2 hat (worn)
 J - a +2 cloak of cold resistance (worn)
 U - a +0 pair of boots (worn)
Jewellery
 e - an uncursed amulet of faith {unknown}
 i - an uncursed ring of protection from fire
 u - a ring of see invisible (left hand)
 C - a +3 ring of evasion
 O - an amulet of regeneration (around neck)
 P - a ring of poison resistance (right hand)
Wands
 l - a wand of digging (13/24)
 N - a wand of heal wounds (3/9)
 Z - a wand of digging (2/24)
Scrolls
 m - 2 scrolls of enchant weapon
 n - 13 scrolls of remove curse
 o - 3 scrolls of amnesia
 p - 2 scrolls of blinking
 q - a scroll of fear
 t - 4 scrolls of fog
 y - a scroll of identify
 G - 3 scrolls of magic mapping
 R - 2 scrolls of recharging
Potions
 d - 3 potions of curing
 g - a potion of brilliance
 s - a potion of flight
 z - a potion of lignification
 F - a potion of berserk rage {unknown}
 I - 2 potions of beneficial mutation {unknown}
 K - a potion of invisibility {unknown}
 L - a potion of heal wounds
 S - a potion of ambrosia {unknown}
 T - a potion of agility {unknown}
Miscellaneous
 w - a phantom mirror
Comestibles
 f - 6 bread rations


   Skills:
 - Level 3.2 Fighting
 - Level 1.0 Throwing
 - Level 6.5 Dodging
 - Level 8.5 Stealth
 - Level 5.0 Shields
 + Level 15.4 Spellcasting
 + Level 16.0 Conjurations
   Level 1.2 Necromancy
 - Level 9.0 Fire Magic
 - Level 6.3 Ice Magic
 - Level 7.0 Air Magic
 - Level 10.4 Poison Magic
 - Level 1.1 Evocations


You had 2 spell levels left.
You knew the following spells:

 Your Spells              Type           Power        Failure   Level  Hunger
a - Sting                 Conj/Pois      ####         1%          1    None
b - Iskenderun's Battles  Conj/Chrm      #####...     2%          5    ####...
c - Mephitic Cloud        Conj/Pois/Air  #####...     1%          3    None
d - Iskenderun's Mystic   Conj           ######..     1%          4    #......
e - Orb of Destruction    Conj           ######....   3%          7    #######
f - Venom Bolt            Conj/Pois      ######....   1%          5    ####...
g - Freezing Cloud        Conj/Ice/Air   #####.....   5%          6    ######.
h - Delayed Fireball      Conj/Fire      N/A          11%         7    #######
i - Magic Dart            Conj           ####         0%          1    None
j - Cure Poison           Pois           #####.....   1%          2    None


Dungeon Overview and Level Annotations

Branches:
Dungeon (10/15)            Temple (1/1) D:6            Lair (8/8) D:9
 Shoals (0/4) Lair:3        Snake (0/4) Lair:6        Slime (0/6) Lair:7
    Orc (2/2) D:10
    Elf: Orc:2

Altars:
Ashenzari
Dithmenos
Elyvilon
Fedhas
Kikubaaqudgha
Makhleb
Nemelex Xobeh
Okawaru
Qazlal
Ru
Sif Muna
Trog
Vehumet
Zin
The Shining One

Shops:
D:7 %   D:9 [   D:10 (   Orc:1 (

Annotations:
D:4 Menkaure; yogakurto's ghost, amateur HaGl
D:7 exclusion: downstairs


Innate Abilities, Weirdness & Mutations

[You are very dopey. (Int -4)]
[You are extremely frail (-30% HP).]


Message History

Found a potion of curing.
The balrug gestures at you. The sticky flame hits you!
You are covered in liquid flames!
The balrug gestures at you. Something smites you!
Drink which item? (? for menu, Esc to quit)
You feel much better.
You are covered in liquid flames!
The insubstantial wisp hits you but does no damage.
The balrug gestures at you.
The fireball explodes!
The fireball engulfs the insubstantial wisp.
The insubstantial wisp resists.
The fireball engulfs the balrug.
The balrug completely resists.
The fireball engulfs the lurking horror.
The lurking horror explodes!
Your body is wracked with pain!
The fireball engulfs you!
Ouch! That really hurt!
You die...

...
...##..#.#....#
. ###
#####.....### ..
# #....#..#....
.. .
.###.R...##... .
...#. ##..#.#..
. .....#..###.##
..
......§R#....#!#
#####...2#....#
##.#.v@...#
..####..## # v
#.# . #.. .. ##.
..# #


You could see a balrug, a rakshasa and an insubstantial wisp.

Vanquished Creatures
  Gastronok (D:9)
  Nessos (Lair:7)
  An ettin (Orc:1)
  Erolcha (D:9)
  Harold (D:10)
  10 hydras
  3 catoblepae (Lair:8)
  13 death yaks
  Sonja (Lair:1)
  The ghost of ololoev the Destroyer, a novice DEFE of Sif Muna (D:10)
  Pikel (D:8)
  A manticore (Lair:3)
  A griffon (Lair:3)
  A cyclops (Orc:1)
  12 black mambas
  2 ice statues (IceCv)
  3 molten gargoyles (D:10)
  6 elephants
  15 spiny frogs
  8 komodo dragons
  10 ice devils (IceCv)
  3 trolls
  2 polar bears
  16 blink frogs
  2 boulder beetles
  44 yaks
  Sigmund (D:3)
  A wraith (D:10)
  A wyvern (D:9)
  6 basilisks
  A chaos spawn (Abyss:3)
  6 hippogriffs
  Grum (D:9)
  A mottled dragon (Lair:5)
  A steam dragon (Lair:8)
  8 wolves
  2 wargs
  17 porcupines
  19 orc warriors
  21 water moccasins
  4 black bears
  An eye of draining (D:10)
  4 phantoms
  8 ice beasts (Lair:3)
  A sky beast (D:6)
  A slave (D:8)
  10 ogres
  2 necrophages
  6 centaurs
  15 crocodiles
  10 big kobolds
  24 giant frogs
  2 gnoll sergeants (D:10)
  A water moccasin zombie (D:7)
  5 scorpions
  5 killer bees (D:8)
  4 wights (D:10)
  2 electric eels
  8 crimson imps
  A giant frog zombie (D:10)
  5 jellies
  2 quasits
  2 centaur zombies
  7 orc priests
  A gnoll shaman (D:9)
  6 hounds
  15 orc wizards
  4 giant frog skeletons
  Jessica (D:2)
  7 iguanas
  5 worker ants
  A killer bee zombie (D:10)
  15 sheep
  2 hound skeletons
  A worker ant zombie (D:6)
  5 gnolls (D:9)
  17 adders
  70 river rats
  5 shadow imps
  3 white imps (IceCv)
  11 ufetubi (IceCv)
  3 oozes
  An adder skeleton (D:7)
  5 worms
  6 giant geckos
  62 orcs
  2 ball pythons (Lair:6)
  6 bats
  8 giant cockroaches
  9 hobgoblins
  11 jackals
  14 kobolds
  3 quokkas
  3 giant newts
  9 goblins
  3 jackal skeletons
  A jackal zombie (D:8)
  A quokka skeleton (D:7)
  9 rats
  A fire vortex (Lair:6)
  2 fungi
  A plant (Lair:8)
705 creatures vanquished.

Vanquished Creatures (others)
  A molten gargoyle (D:10)
  3 slaves (D:8)
  An orc (D:8)
  An orc priest (D:8)
  2 white imps (IceCv)
  An ufetubus (IceCv)
  21 fungi
  A lurking horror (Abyss:3)
  13 plants
  7 starspawn tentacles (Abyss:3)
  107 starspawn tentacle segments (Abyss:3)
158 creatures vanquished.

Grand Total: 863 creatures vanquished

Notes
Turn   | Place    | Note
--------------------------------------------------------------
     0 | D:1      | Ratboiler the Deep Elf Wanderer began the quest for the Orb.
     0 | D:1      | Ratboiler set off with: a Young Poisoner's Handbook, the Compendium of Illusion, the Tome of Evil Arts, a +0 robe, a +0 dagger, a bread ration
     0 | D:1      | Reached XP level 1. HP: 10/10 MP: 7/7
     0 | D:1      | Identified the Compendium of Illusion
     0 | D:1      | Identified the Tome of Evil Arts
     2 | D:1      | Learned a level 1 spell: Sting
   231 | D:1      | Reached skill level 1 in Conjurations
   232 | D:1      | Reached XP level 2. HP: 15/15 MP: 4/9
   247 | D:1      | Learned a level 2 spell: Cure Poison
   462 | D:1      | Reached skill level 5 in Spellcasting
   858 | D:2      | Noticed Jessica
   886 | D:2      | Found a sacrificial altar of Ru.
   925 | D:2      | Reached XP level 3. HP: 7/19 MP: 4/11
   968 | D:2      | Killed Jessica
  1170 | D:2      | Reached XP level 4. HP: 24/24 MP: 9/13
  1179 | D:2      | Learned a level 3 spell: Mephitic Cloud
  1948 | D:3      | Reached XP level 5. HP: 16/28 MP: 3/14
  1976 | D:3      | Reached skill level 5 in Conjurations
  2364 | D:3      | Noticed Sigmund
  2631 | D:3      | Killed Sigmund
  2631 | D:3      | Reached XP level 6. HP: 30/32 MP: 8/15
  2710 | D:3      | Found a sparkling altar of Nemelex Xobeh.
  2712 | D:3      | Found a shadowy altar of Dithmenos.
  3409 | D:4      | Noticed Menkaure
  3498 | D:4      | Found a blossoming altar of Fedhas.
  3578 | D:4      | Noticed yogakurto's ghost (amateur HaGl)
  3614 | D:3      | Found an ancient bone altar of Kikubaaqudgha.
  3640 | D:4      | Found a shattered altar of Ashenzari.
  3922 | D:5      | Entered Level 5 of the Dungeon
  3938 | D:5      | Reached skill level 6 in Conjurations
  4034 | D:5      | Reached XP level 7. HP: 36/36 MP: 9/16
  4239 | D:5      | Found a stormy altar of Qazlal.
  5155 | D:6      | Found a staircase to the Ecumenical Temple.
  5161 | Temple   | Entered the Ecumenical Temple
  5170 | Temple   | Became a worshipper of Vehumet
  5186 | D:6      | Reached skill level 5 in Shields
  5186 | D:6      | Reached skill level 7 in Conjurations
  5186 | D:6      | Reached XP level 8. HP: 37/41 MP: 17/17
  5218 | D:6      | Learned a level 4 spell: Olgreb's Toxic Radiance
  5579 | D:6      | Reached skill level 5 in Poison Magic
  5800 | D:7      | Reached skill level 8 in Conjurations
  6122 | D:7      | Found Bikk's Food Boutique.
  6714 | D:7      | Reached skill level 9 in Conjurations
  6833 | D:7      | Reached * piety under Vehumet
  6833 | D:7      | Offered knowledge of Magic Dart by Vehumet.
  6837 | D:7      | Learned a level 1 spell: Magic Dart
  6871 | D:7      | Reached XP level 9. HP: 45/45 MP: 6/18
  7805 | D:8      | Noticed Pikel
  7818 | D:8      | Killed Pikel
  7818 | D:8      | Reached skill level 10 in Conjurations
  7862 | D:8      | Reached ** piety under Vehumet
  7862 | D:8      | Offered knowledge of Throw Flame by Vehumet.
  7869 | D:8      | Learned a level 2 spell: Throw Flame
  8782 | D:8      | Reached skill level 11 in Conjurations
  8782 | D:8      | Reached XP level 10. HP: 50/50 MP: 14/19
  8923 | D:8      | Noticed a three-headed hydra
  8995 | D:7      | Upgraded the game from 0.18-a0-1343-g48c8f86 to 0.18-a0-1347-gb9e2fb4
  9039 | D:9      | Found Vathraom's Antique Armour Shoppe.
  9140 | D:9      | Offered knowledge of Inner Flame by Vehumet.
  9481 | D:10     | Entered Level 10 of the Dungeon
  9481 | D:10     | Noticed ololoev's ghost (novice DEFE)
  9507 | D:9      | Found a staircase to the Lair.
  9556 | D:9      | Reached *** piety under Vehumet
  9570 | D:9      | Noticed Erolcha
  9728 | D:9      | Reached skill level 10 in Poison Magic
  9756 | D:9      | Paralysed by Erolcha for 5 turns
  9773 | D:9      | Your ally died
  9831 | D:9      | Learned a level 5 spell: Venom Bolt
  9935 | D:9      | Found a deep blue altar of Sif Muna.
 10040 | D:9      | Noticed Gastronok
 10289 | D:9      | Offered knowledge of Airstrike by Vehumet.
 10503 | D:8      | Killed a one-headed hydra
 10503 | D:8      | Reached skill level 12 in Conjurations
 10802 | Lair:1   | Entered Level 1 of the Lair of Beasts
 10802 | Lair:1   | Noticed Sonja
 10805 | Lair:1   | Killed Sonja
 11362 | D:9      | Killed Gastronok
 11362 | D:9      | Reached skill level 13 in Conjurations
 11362 | D:9      | Reached XP level 11. HP: 53/53 MP: 13/26
 11386 | D:9      | Reached **** piety under Vehumet
 11620 | D:9      | Noticed Grum
 11700 | D:9      | Killed Grum
 11701 | D:9      | Offered knowledge of Lee's Rapid Deconstruction by Vehumet.
 11810 | D:8      | Reached skill level 10 in Spellcasting
 12402 | Lair:1   | Identified the Grimoire of Arcane Weapons
 12408 | Lair:1   | Learned a level 4 spell: Iskenderun's Mystic Blast
 13415 | Lair:2   | Reached skill level 14 in Conjurations
 13809 | Lair:2   | Reached ***** piety under Vehumet
 14190 | Lair:2   | Offered knowledge of Orb of Destruction by Vehumet.
 14214 | Lair:2   | Learned a level 7 spell: Orb of Destruction
 14386 | Lair:2   | Noticed a seven-headed hydra
 14393 | Lair:2   | Reached skill level 1 in Stealth
 14396 | Lair:2   | Killed a seven-headed hydra
 14410 | Lair:2   | Reached XP level 12. HP: 58/58 MP: 1/29
 14913 | Lair:3   | Found a frozen archway.
 14920 | Lair:3   | Reached skill level 15 in Conjurations
 15140 | IceCv    | Entered an ice cave
 15545 | IceCv    | Reached skill level 5 in Stealth
 16497 | IceCv    | Got a crude demon whip
 16498 | IceCv    | Identified the cursed +1 demon whip "Fish" {flame, +Rage rF+ MR- Dex+4} (You found it in an ice cave)
 16920 | Lair:3   | Found a staircase to the Shoals.
 17679 | Lair:3   | Reached skill level 16 in Conjurations
 17771 | Lair:3   | Learned a level 5 spell: Iskenderun's Battlesphere
 17829 | Lair:3   | Reached skill level 1 in Dodging
 18354 | Lair:3   | Reached skill level 1 in Fighting
 18417 | Lair:4   | Offered knowledge of Freezing Cloud by Vehumet.
 18498 | Lair:1   | Learned a level 6 spell: Freezing Cloud
 19326 | Lair:4   | Reached XP level 13. HP: 53/65 MP: 4/31
 20164 | Lair:5   | Reached skill level 5 in Dodging
 20888 | Lair:5   | Got a heavily runed fire dragon armour
 20901 | Lair:5   | Identified the +1 fire dragon armour of Hairiness {+Blink rF++ rC- Int+2} (You found it on level 5 of the Lair of Beasts)
 21297 | Lair:5   | Offered knowledge of Spellforged Servitor by Vehumet.
 21906 | Lair:6   | Found a staircase to the Snake Pit.
 22501 | Lair:6   | Reached skill level 15 in Spellcasting
 22512 | Lair:6   | Learned a level 7 spell: Spellforged Servitor
 22760 | Lair:7   | Reached skill level 1 in Air Magic
 22764 | Lair:7   | Reached skill level 1 in Ice Magic
 22871 | Lair:7   | Found a white marble altar of Elyvilon.
 23452 | Lair:7   | Noticed Nessos
 23458 | Lair:7   | Killed Nessos
 23458 | Lair:7   | Reached XP level 14. HP: 73/73 MP: 6/35
 23639 | Lair:7   | Found a staircase to the Slime Pits.
 23877 | Lair:8   | Entered Level 8 of the Lair of Beasts
 24142 | Lair:8   | Reached skill level 5 in Ice Magic
 24544 | Lair:8   | Reached skill level 5 in Air Magic
 24969 | Lair:8   | Offered knowledge of Delayed Fireball by Vehumet.
 25078 | Lair:8   | Learned a level 7 spell: Delayed Fireball
 25762 | Lair:8   | Reached skill level 1 in Fire Magic
 26143 | Lair:8   | Reached skill level 5 in Fire Magic
 26709 | D:10     | Killed ololoev's ghost
 26907 | D:10     | Found Ibuf's Antique Weapon Boutique.
 26910 | D:10     | Bought a faintly glowing spear for 216 gold pieces
 26910 | D:10     | Identified the +7 spear of Kycan {distort, Int+5} (You bought it in a shop on level 10 of the Dungeon)
 27587 | D:10     | Found a staircase to the Orcish Mines.
 27725 | Orc:1    | Entered Level 1 of the Orcish Mines
 27733 | Orc:1    | Noticed Harold
 27734 | Orc:1    | Offered knowledge of Ozocubu's Refrigeration by Vehumet.
 27763 | D:10     | Killed Harold
 28176 | Orc:1    | Found Juog's Weapon Boutique.
 28395 | Orc:2    | Entered Level 2 of the Orcish Mines
 28494 | Orc:2    | Cast into level 3 of the Abyss (an ogre mage)
 28494 | Abyss:3  | Found a corrupted altar of Lugonu.
 28534 | Abyss:3  | Gained mutation: [You are frail (-10% HP).] [mutagenic glow]
 28619 | Abyss:3  | Noticed a tentacled starspawn
 28714 | Abyss:3  | Noticed a lich
 28715 | Abyss:3  | Noticed a lich
 28764 | Abyss:3  | Noticed a lich
 28768 | Abyss:3  | Noticed a lich
 28768 | Abyss:3  | Noticed a lich
 28896 | Abyss:3  | Got a pair of jewelled gloves
 28966 | Abyss:3  | Noticed a tentacled starspawn
 29053 | Abyss:3  | Noticed a balrug
 29056 | Abyss:3  | Killed from afar by a balrug

Vault maps used:
D:1:      lemuel_arrival_behind_the_door_large, minivault_23,
          serial_bayou_pond_b
D:2:      nicolae_ru_path_of_blood, uniq_jessica
D:3:      nicolae_overflow_hidden_temple, first_bread, uniq_sigmund
D:4:      fedhas_altar_2, overflow_temple_1_default, uniq_menkaure
D:5:      grunt_qazlal_sundering
D:6:      minmay_temple_entry_hall
D:7:      serial_shops, shop
D:8:      hangedman_ranch, uniq_pikel
D:9:      kennysheep_mini, lair_0_dummy, serial_shops, shop, uniq_gastronok,
          uniq_erolcha, uniq_grum
D:10:     kennysheep_orc_monster_closet_entryway, serial_shops,
          kennysheep_mini_moat, minivault_8
Temple:   circular_temple_12
Lair:1:   columned_hall_lemuel, infiniplex_staircase_pool, lemuel_fruit_fields,
          lemuel_fruit_tree, grunt_megastairs_2, serial_bayou_shore_b,
          uniq_sonja
Lair:2:   gammafunk_lair_bear_cave, grunt_megastairs_1,
          infiniplex_staircase_pool_2
Lair:3:   minmay_shoals_entry_beasts, portal_ice_cave_entry_ice_beasts,
          lemuel_fruit_fields
Lair:4:   grunt_megastairs_5, serial_bayou_shore_b
Lair:5:   bobbens_dragon_lair_wall
Lair:6:   minmay_snake_entry_six_corridors, grunt_forest_stairs_basic
Lair:7:   nicolae_slime_entry_slimehenge, lemuel_centaur_altar, uniq_nessos
Lair:8:   evilmike_catoblepas_cave
Orc:1:    serial_shops, nicolae_shop_trees, uniq_harold
Orc:2:    st_orc_congregation
Abyss:3:  evilmike_abyss_exit_10, hangedman_abyss_or_decor_lesser_grid
IceCv:    ice_cave_small_demon

Action                   |  1- 3 |  4- 6 |  7- 9 | 10-12 | 13-15 || total
-------------------------+-------+-------+-------+-------+-------++-------
Melee: Dagger            |     5 |    93 |   578 |   629 |    48 ||  1353
       Falchion          |       |       |       |    72 |       ||    72
       Spear             |       |       |       |       |    33 ||    33
 Fire: Blowgun           |       |       |       |    27 |       ||    27
Throw: Stone             |       |     1 |     1 |       |       ||     2
 Cast: Sting             |    40 |   139 |   208 |   133 |   306 ||   826
       Cure Poison       |     1 |       |     5 |     6 |     1 ||    13
       Mephitic Cloud    |       |     8 |    45 |    45 |     5 ||   103
       Olgreb's Toxic Ra |       |       |     5 |     7 |       ||    12
       Venom Bolt        |       |       |       |   112 |     4 ||   116
       Magic Dart        |       |       |       |    21 |       ||    21
       Throw Flame       |       |       |       |    17 |       ||    17
       Iskenderun's Myst |       |       |       |   130 |   175 ||   305
       Iskenderun's Batt |       |       |       |    16 |    99 ||   115
       Orb of Destructio |       |       |       |    16 |    37 ||    53
       Freezing Cloud    |       |       |       |       |    25 ||    25
Evoke: Wand              |       |     3 |     5 |     5 |     9 ||    22
  Use: Scroll            |       |     8 |     5 |    10 |     9 ||    32
       Potion            |       |       |     1 |     3 |    13 ||    17
 Stab: Sleeping          |       |     1 |       |       |       ||     1
       Confused          |       |     1 |     9 |     3 |       ||    13
       Betrayed ally     |       |       |       |     1 |       ||     1
       Distracted        |       |       |       |       |     1 ||     1
  Eat: Chunk             |       |    10 |    16 |    23 |    24 ||    73
       Beef jerky        |       |       |     1 |     2 |     2 ||     5
       Fruit             |       |       |     2 |    32 |     3 ||    37
       Meat ration       |       |       |       |     2 |     3 ||     5
       Pizza             |       |       |       |     1 |     7 ||     8
       Bread ration      |       |       |       |     1 |     1 ||     2
